 Dungeon Crawl Stone Soup version 0.12.2-22-g286eab9 (webtiles) character file.

237 Dalarin the Vexing (level 5, -7/24 HPs)
             Began as a Spriggan Enchanter on Sept 1, 2013.
             Killed from afar by an orc wizard (10 damage)
             ... with a puff of flame
             ... on Level 2 of the Dungeon.
             The game lasted 00:29:10 (3123 turns).

Dalarin the Vexing (Spriggan Enchanter)             Turns: 3123, Time: 00:29:10

HP  -7/24        AC  4     Str  5      XL: 5   Next:  2%
MP   9/16        EV 18     Int 17      God:
Gold 97          SH  0     Dex 16      Spells:  4 memorised,  3 levels left

Res.Fire  : . . .   See Invis. : +   a - +1 dagger {=f}
Res.Cold  : . . .   Warding    : .   b - +1 robe
Life Prot.: . . .   Conserve   : .   (shield restricted)
Res.Poison: .       Res.Corr.  : .   (helmet restricted)
Res.Elec. : .       Clarity    : .   p - +0 orc cloak
Sust.Abil.: . .     Spirit.Shd : .   (gloves unavailable)
Res.Mut.  : .       Stasis     : .   (boots unavailable)
Res.Rott. : .       Ctrl.Telep.: .   (no amulet)
Saprovore : . . .   Flight     : .   (no ring)
                                     (no ring)

@: very slightly contaminated, very quick, somewhat resistant to hostile
enchantments, stealthy
A: unfitting armour, see invisible, herbivore 3, speed 3, slow metabolism 2
a: no special abilities


You were on level 2 of the Dungeon.
You were not hungry.

You visited 1 branch of the dungeon, and saw 3 of its levels.

You collected 77 gold pieces.

Inventory:

Hand weapons
 a - a +1,+1 dagger (weapon) {=f}
Missiles
 d - 12 darts (quivered)
Armour
 b - a +1 robe (worn)
 p - a +0 orcish cloak (worn)
Comestibles
 n - a slice of pizza
 o - 3 bread rations
 u - an apple
Scrolls
 g - 2 scrolls of identify
 h - a scroll of enchant weapon I {unknown}
 i - 2 scrolls of recharging {unknown}
 j - 4 scrolls of remove curse {unknown}
 k - 2 scrolls of teleportation {unknown}
 m - 2 scrolls of fear {unknown}
 q - a scroll of amnesia {unknown}
 r - a scroll of fog {unknown}
 s - a scroll of random uselessness {unknown}
 t - 2 scrolls of curse weapon {unknown}
Potions
 e - a potion of porridge
 v - a potion of restore abilities {unknown}
Books
 c - a book of Maledictions

   Spells                             Type                      Level
   *Corona                            Hexes                        1
   *Sure Blade                        Hexes/Charms                 2
   *Ensorcelled Hibernation           Hexes/Ice                    2
   *Confuse                           Hexes                        3
   Enslavement                        Hexes                        4
   Invisibility                       Hexes                        6


   Skills:
 - Level 1.1 Short Blades
 - Level 1.1 Throwing
 - Level 3.0 Dodging
 - Level 3.0 Stealth
 - Level 3.2 Stabbing
 + Level 3.6 Spellcasting
 + Level 5.3 Hexes


You had 3 spell levels left.
You knew the following spells:

 Your Spells              Type           Power        Failure   Level  Hunger
a - Corona                Hex            ####....     1%          1    None
b - Ensorcelled Hibernat  Hex/Ice        ###....      10%         2    ##.....
c - Confuse               Hex            ####.....    8%          3    ###....
d - Sure Blade            Hex/Chrm       ###.......   10%         2    ##.....


Dungeon Overview and Level Annotations

Branches:
Dungeon (3/27)

Altars:
Makhleb
Okawaru
the Shining One


Innate Abilities, Weirdness & Mutations

You are tiny and cannot use many weapons and most armour.
You have supernaturally acute eyesight.
You are a herbivore.
You cover ground extremely quickly.
You need consume almost no food.


Message History

Drink which item? (? for menu, Esc to quit)
You feel better. The orc misses you. The orc priest completely misses you.
The orc wizard unwields an uncursed orcish dagger.
The orc wizard drops an uncursed orcish dagger.
The orc wizard picks up an orcish hammer.
The orc wizard wields an orcish hammer.
The orc misses you.
The orc priest hits you with an orcish hand axe.
* * * LOW HITPOINT WARNING * * *
The orc wizard picks up an uncursed orcish dagger.
You climb upwards.
There is a stone staircase leading down here.
Read which item? (? for menu, Esc to quit)
Blink to where?
Press: ? - help, Dir - move target cursor
As you read the scroll of blinking, it crumbles to dust.
You are very lightly contaminated with residual magic.
The orc wizard casts a spell at you. The puff of flame hits you!
You die...

.##.##.##.#.%...ยง....# #.#.
.##.##.##.#....ooo...#########.#%
##............................%..
.##..............................
.####.....##.........#########.#.
.# #.....##.....................
.# #................#########.##
.# #.....##.........#######....#
.########.##....@...............#
.#.........#####........####....#
##.........#####........# #..<.#
.#......[...............# ###...
.#.........#####........####....#
.#.........#######..............#
.#...............%...............
.#.........#################.#..#
.##.######## #....#


You could see an orc priest, an orc wizard and an orc.

Vanquished Creatures
  7 adders
  A worm (D:2)
  2 giant geckos (D:2)
  An ooze (D:2)
  9 orcs (D:3)
  10 bats
  9 hobgoblins
  3 jackals (D:1)
  3 kobolds
  A ball python (D:1)
  2 giant newts
  3 goblins
  9 rats
60 creatures vanquished.

Notes
Turn   | Place    | Note
--------------------------------------------------------------
     0 | D:1      | Dalarin, the Spriggan Enchanter, began the quest for the Orb.
     0 | D:1      | Reached XP level 1. HP: 9/9 MP: 4/4
   316 | D:1      | Reached skill level 4 in Hexes
   316 | D:1      | Reached XP level 2. HP: 10/13 MP: 7/7
  1125 | D:2      | Reached XP level 3. HP: 14/16 MP: 9/9
  1136 | D:2      | Found an iron altar of Okawaru.
  1295 | D:2      | Found a burning altar of Makhleb.
  1968 | D:2      | Reached XP level 4. HP: 21/21 MP: 12/12
  2321 | D:2      | Learned a level 2 spell: Ensorcelled Hibernation
  2325 | D:2      | Learned a level 3 spell: Confuse
  2328 | D:2      | Learned a level 2 spell: Sure Blade
  2362 | D:2      | Reached skill level 5 in Hexes
  2927 | D:3      | Found a glowing golden altar of the Shining One.
  3115 | D:3      | Reached XP level 5. HP: 22/24 MP: 8/16
  3123 | D:2      | Killed from afar by an orc wizard

Action                   |  1- 3 |  4- 6 || total
-------------------------+-------+-------++-------
Melee: Dagger            |   157 |   113 ||   270
Throw: Dart              |    24 |    32 ||    56
 Cast: Corona            |     2 |     5 ||     7
       Ensorcelled Hiber |       |     7 ||     7
  Use: Scroll            |       |     4 ||     4
       Potion            |       |     3 ||     3
 Stab: Sleeping          |     7 |     8 ||    15
